 Dungeon Crawl Stone Soup version 0.31-a0-37-g98a128e1d9 (webtiles) character file.

Game seed: 256253970713033493

408 norre the Covered (level 6, -5/54 (56) HPs)
             Began as a Minotaur Fighter on May 16, 2023.
             Slain by a killer bee (6 damage)
             ... on level 7 of the Dungeon.
             The game lasted 00:09:29 (851 turns).

norre the Covered (Minotaur Fighter)                 Turns: 851, Time: 00:09:31

HP:   -5/54 (56)    AC:  7    Str: 23    XL:     6   Next: 57%
MP:   5/5           EV: 10    Int:  5    God:
Gold: 176           SH:  4    Dex:  9    Spells: 5/5 levels left

rFire   . . .        a - +0 flail
rCold   . . .        c - +0 buckler
rNeg    . . .        b - +0 scale mail
rPois   .            (helmet restricted)
rElec   .            (no cloak)
rCorr   .            (no gloves)
SInv    .            (no boots)
Will    .....        (no amulet) Stlth
                     (no ring)
HPRegen 0.29/turn    (no ring)
MPRegen 0.09/turn

%: no passive effects
@: lethally poisoned (-5 -> -24), lightly drained
A: horns 2, retaliatory headbutt
a: no special abilities


You were on level 7 of the Dungeon.
You visited 1 branch of the dungeon, and saw 7 of its levels.

You collected 176 gold pieces.

Inventory:

Hand Weapons
 a - a +0 flail (weapon)
 q - the +6 sling of Intal {elec, rPois rF- rCorr Dex-3}
   (You found it on level 6 of the Dungeon)

   Dex:       It affects your dexterity (-3).
   rF:        It makes you vulnerable to fire.
   rPois:     It protects you from poison.
   rCorr:     It protects you from acid and corrosion.
Missiles
 f - 15 stones (quivered)
Armour
 b - a +0 scale mail (worn)
 c - a +0 buckler (worn)
 e - a +0 scale mail
 g - a +0 leather armour
 h - a +0 robe
 i - a +0 ring mail
 o - a +0 leather armour
 p - a +0 robe
Jewellery
 r - the ring of Cewkuceff {rCorr MP+9 Slay+3}
   (You found it on level 4 of the Dungeon)

   [ring of magical power]

   Slay:      It affects your accuracy & damage with ranged weapons and melee
   (+3).
   MP:        It affects your magic capacity (+9).
   rCorr:     It protects you from acid and corrosion.
Wands
 k - a wand of acid (7)
 s - a wand of roots (14)
Scrolls
 d - 2 scrolls of identify
 j - a scroll of fog {unknown}
 m - a scroll of teleportation
Potions
 l - 2 potions of flight {unknown}
 n - a potion of mutation {unknown}
 t - a potion of curing {unknown}


   Skills:
 + Level 5.2 Fighting
 + Level 4.9 Maces & Flails
 + Level 5.8 Armour
 + Level 1.2 Dodging
 + Level 4.8 Shields


You had 5 spell levels left.
You didn't know any spells.
Your spell library was empty.

Dungeon Overview and Level Annotations

Branches:
Dungeon (7/15)
 Temple: D:4-7

Altars:


Innate Abilities, Weirdness & Mutations

You have a pair of horns on your head.
You reflexively headbutt those who attack you in melee.


Message History

A hound comes into view.
A killer bee comes into view.
You completely miss the wight.
The killer bee buzzes angrily.
You headbutt the wight, but do no damage.
The wight hits you but does no damage.
You thump the wight!
The wight is almost destroyed.
You block the killer bee's attack.
The killer bee stings you but does no damage.
The wight hits you with a +0 dagger. The wight closely misses you.
The wight barely misses you.
You miss the killer bee. Your headbutt misses the killer bee.
The killer bee stings you.
You are poisoned.
The killer bee poisons you! The killer bee barely misses you.
The killer bee stings you.
You are more poisoned.
The killer bee poisons you! The killer bee barely misses you. x2
The wight closely misses you.
A wyvern comes into view.
The killer bee stings you.
You are more poisoned.
The killer bee poisons you! You block the killer bee's attack.
The killer bee closely misses you. x2
The wight hits you with a +2 heavy battleaxe!
You feel drained.
You sock the wight! You headbutt the wight.
You destroy the wight!
You feel extremely sick. The killer bee stings you.
You block the killer bee's attack. The killer bee barely misses you.
You furiously retaliate!
You headbutt the killer bee. The killer bee closely misses you.
The wight barely misses you. You furiously retaliate!
You headbutt the wight!
You destroy the wight!
The wight hits you with a +4 battleaxe of freezing!
* * * LOW HITPOINT WARNING * * *
The wight freezes you.
* * * LOW HITPOINT WARNING * * *
The killer bee stings you.
You die...

########
#......#
#<.....#
#.yzy..#
#y.@z..#
#.yyy..#
#...h...#
.........#
..###......#
. #......#
#..l....
.........


You could see a wyvern, a hound, 6 killer bees and 2 wights.

Vanquished Creatures
  3 scorpions
  2 wights (D:7)
  A howler monkey (D:6)
  A hound (D:3)
  A gnoll bouda (D:4)
  An iguana (D:6)
  5 gnolls (D:4)
  4 adders
  An ufetubus (D:4)
  2 orcs
  2 bats
  2 endoplasms
  A giant cockroach (D:2)
  4 goblins
  A hobgoblin (D:3)
  A quokka (D:4)
  3 ball pythons
  A kobold (D:4)
36 creatures vanquished.

Notes
Turn   | Place    | Note
-------+----------+-------------------------------------------
     0 | D:1      | norre the Minotaur Fighter began the quest for the Orb.
     0 | D:1      | Reached XP level 1. HP: 19/19 MP: 0/0
     4 | D:1      | You fall into a shaft and drop 1 floor!
   220 | D:2      | Reached XP level 2. HP: 18/27 MP: 1/1
   292 | D:3      | Reached XP level 3. HP: 33/33 MP: 2/2
   422 | D:4      | Reached XP level 4. HP: 40/40 MP: 3/3
   446 | D:4      | Reached XP level 5. HP: 42/47 MP: 4/4
   452 | D:4      | Identified the ring of Cewkuceff {rCorr MP+9 Slay+3}
   498 | D:4      | Reached skill level 5 in Armour
   498 | D:4      | Reached skill level 1 in Dodging
   645 | D:5      | Entered Level 5 of the Dungeon
   654 | D:5      | Reached XP level 6. HP: 32/53 MP: 5/5
   674 | D:6      | Identified the +6 sling of Intal {elec, rPois rF- rCorr
                  | Dex-3}
   742 | D:6      | Reached skill level 5 in Fighting
   850 | D:7      | Noticed a wyvern
   851 | D:7      | HP: 1/54 [wight/+4 battleaxe of freezing (6)]
   851 | D:7      | Slain by a killer bee

Illustrated notes

Levels and vault maps discovered:
D:1:      saegor_arrival_simple_b, layout_loops_ring, grunt_decor_cap,
          minmay_domino_2
D:2:      minmay_wonky_spiral, layout_loops_ring, uniq_sigmund
D:3:      layout_basic, mainiacjoe_overflow_concentric_impassable, uniq_robin
D:4:      layout_cave_pools, roderic_serpentine_path
D:5:      layout_cave_pools, minmay_temple_entry_enclosed_plants,
          minmay_manual_mess
D:6:      layout_cave_pools
D:7:      layout_rooms

Skill      XL: |  1  2  3  4  5  6 |
---------------+-------------------+-----
Armour         | 4 5 |  5.8
Shields        | 4 |  4.8
Fighting       | 4 5 |  5.2
Maces & Flails | 3 4 |  4.9
Dodging        | 1 |  1.2

Action                     |  1- 3 |  4- 6 || total
---------------------------+-------+-------++-------
  Melee: Flail             |    39 |    75 ||   114
         Headbutt          |     4 |    15 ||    19
  Evoke: Wand              |     1 |       ||     1
    Use: Potion            |       |     2 ||     2
         Scroll            |       |     1 ||     1
 Armour: Scale mail        |    30 |    26 ||    56
  Dodge: Dodged            |    23 |    53 ||    76
  Block: Buckler           |     8 |    24 ||    32

Table legend: (Time is in decaauts)
 A = Elapsed time spent in this place.
 B = Non-inter-level travel time spent in this place.
 C = Inter-level travel time spent in this place.
 D = Time resting spent in this place.
 E = Time spent auto-exploring this place.
 F = Levels seen in this place.
 G = Mean time per level.
                   A        B        C        D        E       F      G
               +--------+--------+--------+--------+--------+-----+--------+
         Total |    857 |    280 |    577 |      0 |      0 |   7 |  122.4 |
       Dungeon |    857 |    280 |    577 |      0 |      0 |   7 |  122.4 |
               +--------+--------+--------+--------+--------+-----+--------+

Top non-repeatable levels by time:
     D:2: 249 daAuts
     D:4: 240 daAuts
     D:6: 182 daAuts
     D:3: 150 daAuts
     D:5: 23 daAuts
     D:7: 6 daAuts
     D:1: 4 daAuts
